 Dungeon Crawl Stone Soup version 0.25-a0-1056-g2efb326896 (webtiles) character file.

Game seed: 11133858611817757402, levelgen mode: deterministic

144 wullow the Cutter (level 5, -1/38 HPs)
             Began as a Demonspawn Wanderer on May 13, 2020.
             Slain by Crazy Yiuf
             ... wielding a +4 quarterstaff of chaos
              (4 damage)
             ... on level 2 of the Dungeon.
             The game lasted 00:04:13 (2284 turns).

wullow the Cutter (Demonspawn Wanderer)             Turns: 2284, Time: 00:04:13

Health: -1/38      AC:  4    Str: 11    XL:     5   Next: 5%
Magic:  0/8        EV: 11    Int: 17    God:
Gold:   141        SH:  0    Dex: 11    Spells: 8/8 levels left

rFire    . . .     SeeInvis .   a - +2 short sword
rCold    . . .     Gourm    .   (no shield)
rNeg     . . .     Faith    .   c - +0 robe
rPois    .         Spirit   +   (no helmet)
rElec    .         Reflect  .   (no cloak)
rCorr    .         Harm     .   (no gloves)
MR       .....                  (no boots)
Stlth    +++.......             (no amulet)
HPRegen  0.12/turn              h - ring of stealth
MPRegen  0.11/turn              o - ring of wizardry

@: no status effects
A: molten scales 1, magic shield
a: no special abilities


You were on level 2 of the Dungeon.
You were not hungry.

You visited 1 branch of the dungeon, and saw 2 of its levels.

You collected 141 gold pieces.

Inventory:

Hand Weapons
 a - a +2 short sword (weapon)
 d - a +0 dagger
 e - a +0 hunting sling
 v - a +0 mace
Missiles
 k - 61 stones (quivered)
 l - 24 arrows
Armour
 c - a +0 robe (worn)
Jewellery
 h - a ring of stealth (left hand)
 o - a ring of wizardry (right hand)
 p - an uncursed ring of fire
Scrolls
 i - 2 scrolls of identify {unknown}
 m - a scroll of enchant weapon {unknown}
 q - a scroll of fog {unknown}
 r - a scroll of amnesia {unknown}
 u - 3 scrolls of immolation {unknown}
Potions
 b - 2 potions of curing
 g - a potion of resistance {unknown}
 j - a potion of might {unknown}
 n - a potion of stabbing {unknown}
 t - 2 potions of heal wounds {unknown}
Comestibles
 f - 5 rations
 s - 2 chunks of flesh


   Skills:
 + Level 2.0 Fighting
 * Level 4.3 Short Blades
 + Level 3.7 Stealth
 - Level 2.0 Spellcasting
   Level 1.0 Ice Magic


You had 8 spell levels left.
You didn't know any spells.
Your spell library was empty.

Dungeon Overview and Level Annotations

Branches:
Dungeon (2/15)

Altars:
Gozag
The Shining One

Annotations:
D:2 Crazy Yiuf


Innate Abilities, Weirdness & Mutations

You are partially covered in molten scales. (AC +2)
When hurt, damage is shared between your health and your magic reserves.


Message History

Crazy Yiuf freezes you.
You hit Crazy Yiuf.
Crazy Yiuf is heavily wounded.
Crazy Yiuf hits you with a +4 quarterstaff of chaos!
Crazy Yiuf freezes you.
* * * LOW HITPOINT WARNING * * *
You barely miss Crazy Yiuf.
Crazy Yiuf is heavily wounded.
Crazy Yiuf closely misses you.
You hit Crazy Yiuf but do no damage.
Crazy Yiuf is heavily wounded.
Crazy Yiuf closely misses you.
You hit Crazy Yiuf.
Crazy Yiuf is severely wounded.
You hit Crazy Yiuf.
Crazy Yiuf is almost dead.
Crazy Yiuf hits you with a +4 quarterstaff of chaos!
* * * LOW HITPOINT WARNING * * *
Crazy Yiuf freezes you.
You die...

.#.#
#......#.#.###..#.#...
.#.#
#........#......#.##.>
.#.#
##########...#.##.###.
.#.### #.#.#........
.#.#.# #.....#.....#
.....# ###
####.........### .#.#.#
#)))### ##....#.#.###...#
.#.#.#
#.))')####.......#.....#..
...#.#
#)))##g)#@PP.....########.
.#...# ### ###g#)P..##.#
## .#.#.# #########.# #
.#.### #.# # .....### #.#
# ##.###.########## #.# #
.....#..........# #.# #
.#.#.##########.#
#.######### .#.#.# #.#
#..........


You could see Crazy Yiuf.

Vanquished Creatures
  Natasha (thrice) (D:2)
  A gnoll (D:1)
  An adder (D:2)
  2 oozes
  A leopard gecko (D:1)
  3 ball pythons
  4 giant cockroaches (D:1)
  4 goblins
  6 hobgoblins
  2 jackals (D:2)
  6 bats
  4 frilled lizards
  5 kobolds
  4 rats
46 creatures vanquished.

Notes
Turn   | Place    | Note
-------+----------+-------------------------------------------
     0 | D:1      | wullow the Demonspawn Wanderer began the quest for the Orb.
     0 | D:1      | wullow set off with the following items: a +2 short sword,
                  | 2 potions of curing, a +0 robe, a +0 dagger, a ration
     0 | D:1      | Reached XP level 1. HP: 15/15 MP: 3/3
   245 | D:1      | Reached skill level 3 in Short Blades
   254 | D:1      | Gained mutation: You are partially covered in molten
                  | scales. (AC +2) [demonic ancestry]
   254 | D:1      | Reached XP level 2. HP: 21/21 MP: 5/5
   487 | D:1      | Reached XP level 3. HP: 22/26 MP: 6/6
  1360 | D:2      | Noticed Natasha
  1363 | D:2      | Killed Natasha
  1363 | D:2      | Gained mutation: When hurt, damage is shared between your
                  | health and your magic reserves. [demonic ancestry]
  1363 | D:2      | Reached XP level 4. HP: 32/32 MP: 7/7
  1376 | D:2      | Reached skill level 4 in Short Blades
  1391 | D:2      | Found a glowing golden altar of the Shining One.
  1499 | D:2      | Found an opulent altar of Gozag.
  1560 | D:2      | Noticed Natasha
  1684 | D:2      | Killed Natasha
  1759 | D:2      | Noticed Natasha
  1799 | D:2      | Killed Natasha
  1799 | D:2      | Reached XP level 5. HP: 18/38 MP: 5/8
  2266 | D:2      | Found a runed translucent door.
  2267 | D:2      | Noticed Crazy Yiuf
  2284 | D:2      | Slain by Crazy Yiuf

Illustrated notes

Levels and vault maps discovered:
D:1:      moated_graveyard_arrival, layout_basic
D:2:      layout_basic, nicolae_overflow_crystal_walls, tso_metal_star,
          first_ration, uniq_crazy_yiuf_cottage, uniq_natasha

Skill      XL: |  1  2  3  4 |
---------------+-------------+-----
Short Blades   | 3 4 |  4.3
Stealth        | 3 |  3.7
Fighting       | 2 |  2.0
Spellcasting   | |  2.0
Ice Magic      | |  1.0

Action                   |  1- 3 |  4- 6 || total
-------------------------+-------+-------++-------
Melee: Short sword       |    58 |    51 ||   109
 Stab: Sleeping          |    14 |     5 ||    19
  Eat: Chunk             |     1 |     3 ||     4
Armor: Robe              |    16 |    14 ||    30
Dodge: Dodged            |    38 |    36 ||    74

Table legend:
 A = Non-vault XP
 B = Vault XP
 C = Vault XP percentage of total XP
 D = Non-vault monster count
 E = Vault monster count
 F = Vault count percentage of total count
                 A         B        C        D         E       F
            +---------+---------+-------+---------+---------+-------
      Total |     173 |      33 |  16.0 |      45 |       1 |   2.2
            +---------+---------+-------+---------+---------+-------
        D:1 |      58 |       0 |   0.0 |      24 |       0 |   0.0
        D:2 |     115 |      33 |  22.3 |      21 |       1 |   4.5
            +---------+---------+-------+---------+---------+-------
